 Dungeon Crawl Stone Soup version 0.15.2 (webtiles) character file.

5 araganzar the Charmwright (level 1, -1/17 HPs)
             Began as a Demonspawn Skald on Jan 6, 2015.
             Slain by a giant gecko (2 damage)
             ... on Level 1 of the Dungeon.
             The game lasted 00:00:26 (39 turns).

araganzar the Charmwright (Demonspawn Skald)          Turns: 39, Time: 00:00:26

HP  -1/17        AC  3     Str 12      XL: 1   Next: 66%
MP   1/3         EV 10     Int 13      God:
Gold 0           SH  0     Dex 12      Spells:  1 memorised,  3 levels left

rFire  . . .     SeeInvis .     a - +0 spear
rCold  . . .     Clarity  .     b - +0 leather armour
rNeg   . . .     rCorr    .     (no shield)
rPois  .         rRot     .     (no helmet)
rElec  .         Spirit   .     (no cloak)
SustAb .         Warding  .     (no gloves)
rMut   .         Stasis   .     (no boots)
Gourm  .                        (no amulet)
MR     .....                    (no ring)
                                (no ring)

@: not resistant to hostile enchantments, very unstealthy
A: no striking features
a: no special abilities


You were on level 1 of the Dungeon.
You were not hungry.

You visited 1 branch of the dungeon, and saw 1 of its levels.


   Skills:
 + Level 2.4 Fighting
 - Level 1.7 Polearms
 - Level 0.8 Armour
 - Level 0.8 Dodging
 + Level 2.1 Spellcasting
 + Level 2.6 Charms


You had 3 spell levels left.
You knew the following spells:

 Your Spells              Type           Power        Failure   Level  Hunger
a - Infusion              Chrm           #.....       10%         1    ##.....


Dungeon Overview and Level Annotations

Branches:
Dungeon (1/15)

Altars:

Inventory:

Hand weapons
 a - a +0 spear (weapon)
Armour
 b - a +0 leather armour (worn)
Comestibles
 d - a bread ration
Books
 c - a book of Battle

   Spells                             Type                      Level
   *Infusion                          Charms                       1
   Shroud of Golubria                 Charms/Translocation         2
   Song of Slaying                    Charms                       2
   Spectral Weapon                    Hexes/Charms                 3
   Regeneration                       Charms/Necromancy            3

~~~ ##~~~####
....#.....#.#
..(..~..}..~.#
.....~..<..~.#
.....#.....#.## .
##~~~#'..# ###
#........# ...##
##.#####.##.....##
....)....@lg......
###.......##.......
#######.# ..... #.#
.##. #.. # ###


You could see a giant gecko and a hobgoblin.


Message History

You hit the jackal but do no damage.
The jackal is almost dead.
The jackal bites you but does no damage.
Unknown command.
You hit the jackal but do no damage.
The jackal is almost dead.
Your magical infusion is running out.
The jackal bites you. The jackal barely misses you.
Unknown command.
You barely miss the jackal.
The jackal is almost dead.
The jackal bites you but does no damage.
Unknown command.
You hit the jackal!
You kill the jackal!
The jackal closely misses you.
Unknown command.
You closely miss the jackal.
The jackal bites you but does no damage.
You closely miss the jackal. The jackal barely misses you.
The jackal bites you.
You closely miss the jackal. The jackal barely misses you.
You hit the jackal but do no damage.
You are no longer magically infusing your attacks.
The jackal closely misses you.
You closely miss the jackal. The jackal closely misses you.
The jackal misses you.
You closely miss the jackal. The jackal bites you.
You hit the jackal.
The jackal is severely wounded.
The jackal barely misses you.
The jackal bites you but does no damage.
You barely miss the jackal.
The jackal is severely wounded.
The jackal bites you.
You are too injured to fight recklessly!
You are too injured to fight recklessly!
You are too injured to fight recklessly!
You are too injured to fight recklessly!
You are too injured to fight recklessly!
You miss the jackal.
The jackal is severely wounded.
The jackal bites you but does no damage.
You hit the jackal.
You kill the jackal!
You barely miss the rat. The rat barely misses you.
You closely miss the rat. The rat bites you.
* * * LOW HITPOINT WARNING * * *
You barely miss the rat. The rat bites you.
* * * LOW HITPOINT WARNING * * *
You hit the rat.
You kill the rat!
Unknown command.
You hit the giant gecko but do no damage.
The giant gecko bites you.
* * * LOW HITPOINT WARNING * * *
The giant gecko bites you.
* * * LOW HITPOINT WARNING * * *
You hit the giant gecko.
The giant gecko is lightly wounded.
The giant gecko bites you but does no damage.
Unknown command.
You hit the giant gecko.
The giant gecko is almost dead.
The giant gecko bites you.
* * * LOW HITPOINT WARNING * * *
You barely miss the giant gecko.
The giant gecko is almost dead.
The giant gecko bites you.
You die...

Action                   || total
-------------------------++-------
Melee: Spear             ||    32
 Cast: Infusion          ||     1

Vault maps used:
D:1:      dpeg_arrival_rooms_with_view, minmay_lizard_king

Notes
Turn   | Place    | Note
--------------------------------------------------------------
     0 | D:1      | araganzar, the Demonspawn Skald, began the quest for the Orb.
     0 | D:1      | Reached XP level 1. HP: 16/16 MP: 3/3
    36 | D:1      | HP: 3/17 [giant gecko (4)]
    38 | D:1      | HP: 1/17 [giant gecko (2)]
    39 | D:1      | Slain by a giant gecko

Vanquished Creatures
  4 jackals (D:1)
  A rat (D:1)
5 creatures vanquished.
